Map: Magma Mines

Players

Rain - Winner!

  • Race: Terran Terran

Tenonee - Winner!

  • Race: Zerg Zerg
  • League: Platinum

Air

  • Race: Zerg Zerg
  • League: Platinum

McFukitts

  • Race: Protoss Protoss
  • League: Master

VOD

Have the link to the VOD?

Description

Time

  • Played on: July 26, 2016, 5:05 a.m.
  • Length: 4:39
Show
View Real Time Build Order
Export as new Build Order

Rain Terran - Winner!

Build Orders:  

Get SALT Encoding   

  12  0:00  SCV  
  13  0:17  Supply Depot  
  13  0:18  SCV  
  14  0:31  SCV  
  15  0:40  Barracks  
  15  0:53  Barracks  
  15  0:57  SCV  
  16  1:10  Supply Depot  
  17  1:16  Refinery  
  16  1:19  SCV  
  17  1:27  Marine  
  18  1:33  Barracks  
  18  1:42  Marine  
  18  1:45  Marine  
  20  1:56  SCV  
  20  2:00  Marine  
  22  2:03  Marine  
  22  2:07  Supply Depot  
  23  2:17  Marine  
  23  2:20  Marine  
  25  2:23  Barracks  
  25  2:24  Marine  
  26  2:32  Supply Depot  
  26  2:35  Marine  
  27  2:37  Marine  
  27  2:42  Marine  
  29  2:53  Marine  
  29  2:54  Orbital Command  
  30  2:59  Marine  
  31  3:08  Marine  
  32  3:15  Bunker  
  32  3:17  Marine x2  
  34  3:24  Bunker  
  34  3:29  Bunker  
  34  3:30  Marine  
  34  3:34  Marine  
  33  3:42  Marine x2  
  33  3:47  Marine  
  36  3:52  Marine  
  37  3:57  Bunker  
  37  3:59  Marine, SCV  
  37  4:00  Marine  
  40  4:11  Marine x2  
  39  4:19  Marine x2  
  40  4:29  Bunker  
Show
View Real Time Build Order
Export as new Build Order

Tenonee Zerg - Winner!

Build Orders: Pool First 

Get SALT Encoding   

  12  0:01  Drone  
  13  0:11  Drone  
  14  0:33  Spawning Pool  
  13  0:35  Extractor  
  13  0:37  Drone x2  
  14  0:46  Overlord  
  14  1:05  Drone x2  
  16  1:13  Drone  
  17  1:25  Queen  
  19  1:26  Drone  
  20  1:37  Metabolic Boost  
  20  1:52  Hatchery  
  19  1:59  Drone x2  
  21  2:04  Overlord  
  21  2:14  Zergling x2  
  22  2:25  Zergling x2  
  23  2:35  Zergling x8  
  27  2:38  Queen  
  29  2:46  Overlord  
  29  3:06  Zergling x10  
  34  3:30  Zergling x2  
  34  3:31  Zergling x6  
  34  3:40  Zergling x4  
  34  4:02  Zergling x10  
  38  4:16  Extractor  
  32  4:18  Roach Warren  
  32  4:19  Zergling x10  
  32  4:20  Zergling x4  
Show
View Real Time Build Order
Export as new Build Order

Air Zerg 

Build Orders: Hatch First 

Get SALT Encoding   

  12  0:01  Drone  
  13  0:09  Drone  
  14  0:15  Extractor  
  14  0:16  Drone  
  15  0:22  Overlord  
  15  0:47  Hatchery  
  14  0:51  Drone  
  14  0:54  Drone  
  14  0:56  Extractor  
  15  1:11  Spawning Pool  
  15  1:15  Drone  
  15  1:19  Drone  
  16  1:27  Drone  
  16  1:28  Drone  
  18  1:41  Drone  
  19  1:49  Drone  
  20  1:59  Metabolic Boost  
  20  2:07  Queen  
  22  2:09  Queen  
  22  2:13  Drone  
  25  2:15  Extractor  
  25  2:16  Drone  
  25  2:19  Drone  
  25  2:21  Drone  
  27  2:24  Drone  
  27  2:29  Overlord  
  28  2:34  Overlord  
  28  2:45  Lair  
  28  2:48  Extractor  
  28  2:49  Drone x2  
  28  2:50  Extractor, Drone  
  29  2:53  Drone  
  29  2:56  Drone  
  31  3:10  Baneling Nest  
  30  3:17  Overlord  
  30  3:19  Baneling Nest  
  29  3:22  Zergling x2  
  29  3:23  Zergling x10  
  36  3:55  Overlord x2  
  36  3:59  Overlord x2  
Show
View Real Time Build Order
Export as new Build Order

McFukitts Protoss 

Build Orders: Dark Templar Rush 

Get SALT Encoding   

  12  0:01  Probe (Chrono Boost)  
  13  0:17  Probe (Chrono Boost)  
  13  0:20  Pylon  
  14  0:27  Probe (Chrono Boost)  
  15  0:39  Gateway  
  15  0:44  Probe (Chrono Boost)  
  15  0:48  Assimilator  
  16  0:54  Probe (Chrono Boost)  
  16  0:56  Assimilator  
  17  1:05  Probe (Chrono Boost)  
  18  1:15  Probe (Chrono Boost)  
  19  1:26  Probe (Chrono Boost)  
  19  1:27  Cybernetics Core  
  20  1:36  Probe (Chrono Boost)  
  22  1:47  Probe (Chrono Boost)  
  22  1:51  Pylon  
  22  1:54  Warp Gate  
  22  1:58  Probe (Chrono Boost)  
  23  2:09  Stalker  
  23  2:11  Twilight Council  
  25  2:18  Robotics Facility  
  25  2:30  Gateway  
  25  2:44  Gateway  
  25  2:47  Gateway  
  25  2:57  Dark Shrine  
  25  3:11  Mothership Core (Chrono Boost)  
  27  3:13  Pylon  
  23  3:49  Pylon  
Tags
 
Add a new tag
Caveats
  • Supply blocks, unpowered buildings, or Contaminate may cause inaccurate times.
  • Supply counts are checked every 10 seconds.